 Dungeon Crawl Stone Soup version 0.26-a0-18-g135ff06667 (webtiles) character file.

Game seed: 17885788753221899903, levelgen mode: deterministic

13976 Foltvin the Geomancer (level 12, -5/71 HPs)
             Began as a Gargoyle Earth Elementalist on May 25, 2020.
             Was an Elder of Vehumet.
             Slain by a cyclops (8 damage)
             ... on level 12 of the Dungeon.
             The game lasted 00:29:12 (13188 turns).

Foltvin the Geomancer (GrEE)                       Turns: 13188, Time: 00:29:13

Health: -5/71      AC: 19    Str: 12    XL:     12   Next: 11%
Magic:  19/23      EV: 14    Int: 21    God:    Vehumet [****..]
Gold:   632        SH:  0    Dex: 10    Spells: 13/26 levels left

rFire    + . .     SeeInvis .   v - +6 flail (holy)
rCold    + . .     Gourm    .   (no shield)
rNeg     + . .     Faith    .   B - +1 robe {rF+}
rPois    ∞         Spirit   .   e - +0 helmet
rElec    +         Reflect  .   (no cloak)
rCorr    +         Harm     .   k - +2 pair of gloves
MR       .....                  q - +1 pair of boots
Stlth    ++........             I - amulet of the acrobat
HPRegen  0.21/turn              E - ring of protection from cold
MPRegen  0.18/turn              s - ring of resist corrosion

@: no status effects
A: negative energy resistance 1, electricity resistance, unbreathing,
petrification resistance, rot immunity, AC +8
a: Renounce Religion


You were on level 12 of the Dungeon.
You worshipped Vehumet.
Vehumet was greatly pleased with you.
You were not hungry.

You visited 2 branches of the dungeon, and saw 13 of its levels.
You also visited: Sewer.

You collected 632 gold pieces.

Inventory:

Hand Weapons
 c - a cursed +3 morningstar
 v - a +6 flail of holy wrath (weapon)
Missiles
 b - 124 stones (quivered)
 h - 3 throwing nets
Armour
 e - a +0 helmet (worn)
 k - a +2 pair of gloves (worn)
 q - a +1 pair of boots (worn)
 B - a +1 robe of fire resistance (worn)
 K - the +1 robe of Dramatic Exits {rC+ Dex-5 SInv}
   (You found it on level 11 of the Dungeon)

   It affects your dexterity (-5).
   It protects you from cold.
   It lets you see invisible.
Jewellery
 s - a ring of resist corrosion (right hand)
 D - an uncursed amulet of reflection
 E - a ring of protection from cold (left hand)
 I - an amulet of the acrobat (around neck)
Wands
 p - a wand of flame (20)
 r - a wand of random effects (25)
 x - a wand of enslavement (11)
 G - a wand of iceblast (3)
 H - a wand of clouds (2)
Scrolls
 a - a scroll of blinking
 i - 6 scrolls of teleportation
 j - 3 scrolls of amnesia
 l - a scroll of enchant weapon
 y - 3 scrolls of remove curse
 C - 2 scrolls of magic mapping
 J - a scroll of fear
Potions
 f - 11 potions of curing
 g - 4 potions of brilliance
 m - a potion of lignification
 n - 3 potions of haste
 o - 2 potions of magic {unknown}
 t - 6 potions of heal wounds
 u - a potion of mutation {unknown}
 w - 4 potions of flight
 z - a potion of stabbing {unknown}
 A - 3 potions of might
 F - a potion of resistance {unknown}
Comestibles
 d - 33 rations


   Skills:
 + Level 6.9 Fighting
 + Level 6.3 Maces & Flails
 - Level 6.0 Armour
 + Level 5.7 Dodging
 - Level 2.1 Stealth
 + Level 7.6 Spellcasting
 + Level 8.0 Conjurations
 - Level 0.7 Transmutations
 + Level 10.2 Earth Magic
 + Level 5.2 Evocations


You had 13 spell levels left.
You knew the following spells:

 Your Spells              Type           Power        Failure   Level  Hunger
a - Sandblast             Erth           ######       1%          1    None
b - Stone Arrow           Conj/Erth      #####.       1%          3    None
c - Lee's Rapid Deconstr  Erth           ######....   1%          5    #####..
d - Petrify               Tmut/Erth      ####....     9%          4    ###....

Your spell library contained the following spells:

 Spells                   Type           Power        Failure   Level  Hunger
 Fulminant Prism          Conj/Hex       ###.......   4%          4    ###....
 Passwall                 Tmut/Erth      ####....     1%          2    None
 Summon Small Mammal      Summ           #...         9%          1    None
 Call Imp                 Summ           #.......     13%         2    None
 Call Canine Familiar     Summ           #.......     26%         3    None
 Summon Guardian Golem    Hex/Summ       #.......     26%         3    None
 Summon Ice Beast         Ice/Summ       #.......     63%         4    ###....
 Summon Lightning Spire   Summ/Air       #.......     63%         4    ###....


Dungeon Overview and Level Annotations

Branches:
Dungeon (12/15)            Temple (1/1) D:6            Lair (0/6) D:9
    Orc (0/2) D:10          Sewer (visited)

Altars:
Ashenzari
Cheibriados
Dithmenos
Fedhas
Gozag
Hepliaklqana
Kikubaaqudgha
Makhleb
Nemelex Xobeh
Okawaru
Ru
Sif Muna
Uskayaw
Vehumet
Wu Jian
Xom
Zin
The Shining One
Beogh


Innate Abilities, Weirdness & Mutations

You are resistant to torment.
Your stone body is resilient. (AC +8)
You are immune to poison.
You resist negative energy. (rN+)
You are resistant to electric shocks. (rElec)
You can survive without breathing.
You are immune to petrification.
You are immune to rotting.


Message History

The cyclops hits you!!
Casting: Sandblast (safe; 1% risk of failure)
Confirm with . or Enter, or press ? or * to list all spells.
Aiming: Sandblast (safe; 1% risk of failure)
Press: ? - help, Shift-Dir - straight line, f/p - cyclops
Aim: a cyclops, quivering 2 large rocks (severely wounded)
The blast of sand hits the cyclops!
The cyclops is almost dead.
b - 125 stones The cyclops hits you!!
* * * LOW HITPOINT WARNING * * *
Casting: Sandblast (safe; 1% risk of failure)
Confirm with . or Enter, or press ? or * to list all spells.
Aiming: Sandblast (safe; 1% risk of failure)
Press: ? - help, Shift-Dir - straight line, f/p - cyclops
Aim: a cyclops, quivering 2 large rocks (almost dead)
The blast of sand misses the cyclops.
b - 124 stones The cyclops hits you!
You die...

.# #.# # ###. #.. .##
##.... #..# #.##.....
##...## #......#
##..#..## ##......#
##.......####.......###
. ..<.......#....[......
.##..#......(/..@C......
..#..###...(............
.....#...###...###.....#
........## ##......##..#
.......## ##..## # ..
...#..###### ..## .
..##...........#
.#.............#
..<#...#####.


You could see a cyclops.

Vanquished Creatures
  Erica (D:11)
  2 two-headed ogres
  Urug (D:10)
  An unseen horror (D:11)
  Pikel (D:8)
  An ugly thing (D:11)
  A manticore (D:11)
  An elephant (D:9)
  Psyche (D:8)
  2 trolls (D:11)
  Grinder (D:3)
  3 hippogriffs
  4 yaks (D:9)
  A vampire (D:10)
  2 wyverns (D:11)
  Grum (D:8)
  Edmund (D:4)
  A hungry ghost (D:7)
  2 orc warriors (D:9)
  2 sky beasts
  3 ice beasts (D:10)
  A water moccasin (D:10)
  A necrophage (D:10)
  2 phantoms
  3 wolves (D:8)
  7 ogres
  5 centaurs
  2 crocodiles (D:9)
  6 big kobolds
  2 bullfrogs
  2 gnoll sergeants
  2 scorpions
  4 killer bees
  10 wights
  5 howler monkeys
  5 crimson imps
  A quasit (D:8)
  2 centaur zombies
  A jelly (D:8)
  A bullfrog zombie (D:9)
  5 hounds
  11 orc priests
  A gnoll shaman (D:4)
  A bullfrog skeleton (D:9)
  2 centaur skeletons
  11 orc wizards
  6 worker ants
  4 iguanas
  2 hound zombies
  2 hound skeletons
  3 worker ant zombies (D:9)
  14 adders
  16 gnolls
  6 river rats (Sewer)
  2 shadow imps
  2 adder skeletons
  2 worms
  2 dart slugs (D:2)
  7 leopard geckos
  45 orcs
  7 bats
  10 giant cockroaches
  11 goblins
  5 hobgoblins
  10 jackals
  36 kobolds
  6 quokkas
  6 ball pythons
  7 frilled lizards
  A leopard gecko skeleton (D:4)
  2 leopard gecko zombies
  2 quokka skeletons
  23 rats
365 creatures vanquished.

Vanquished Creatures (others)
  A yak (D:9)
  A kobold (D:10)
  3 fungi (D:9)
5 creatures vanquished.

Grand Total: 370 creatures vanquished

Notes
Turn   | Place    | Note
-------+----------+-------------------------------------------
     0 | D:1      | Foltvin the Gargoyle Earth Elementalist began the quest for
                  | the Orb.
     0 | D:1      | Reached XP level 1. HP: 10/10 MP: 3/3
   306 | D:1      | Reached skill level 4 in Earth Magic
   306 | D:1      | Reached XP level 2. HP: 9/15 MP: 3/5
   924 | D:2      | Reached XP level 3. HP: 19/19 MP: 5/7
  1089 | D:2      | Reached XP level 4. HP: 24/24 MP: 4/8
  1147 | D:2      | Learned a level 3 spell: Stone Arrow
  1681 | D:2      | Reached skill level 5 in Earth Magic
  1743 | D:2      | Found a hide-covered altar of Uskayaw.
  2056 | D:3      | Reached skill level 1 in Conjurations
  2116 | D:3      | Noticed Grinder
  2122 | D:3      | Killed Grinder
  2122 | D:3      | Reached XP level 5. HP: 26/28 MP: 2/11
  2122 | D:3      | Reached XP level 6. HP: 30/32 MP: 2/12
  2128 | D:3      | Learned a level 4 spell: Petrify
  2256 | D:3      | Reached skill level 6 in Earth Magic
  3155 | D:4      | Reached XP level 7. HP: 36/36 MP: 5/13
  3674 | D:4      | Reached skill level 1 in Armour
  3821 | D:4      | Reached skill level 1 in Fighting
  3999 | D:4      | Found an ancient bone altar of Kikubaaqudgha.
  3999 | D:4      | Found a burning altar of Makhleb.
  4000 | D:4      | Found a shimmering blue altar of Sif Muna.
  4005 | D:4      | Reached skill level 1 in Maces & Flails
  4023 | D:4      | Noticed Edmund
  4027 | D:4      | Killed Edmund
  4027 | D:4      | Reached skill level 7 in Earth Magic
  4027 | D:4      | Reached XP level 8. HP: 43/43 MP: 8/15
  4230 | D:5      | Entered Level 5 of the Dungeon
  4561 | D:5      | Reached skill level 5 in Spellcasting
  4821 | D:5      | Found a hazy altar of Hepliaklqana.
  4822 | D:5      | Found a shimmering altar of Xom.
  4823 | D:5      | Noticed a spectral ugly thing
  5193 | D:6      | Found a glowing drain.
  5220 | Sewer    | Entered a sewer
  5717 | Sewer    | Learned a level 5 spell: Lee's Rapid Deconstruction
  6106 | D:6      | Found an iron altar of Okawaru.
  6247 | D:6      | Found an ornate altar of the Wu Jian Council.
  6279 | D:6      | Reached skill level 5 in Conjurations
  6411 | D:6      | Found a staircase to the Ecumenical Temple.
  6415 | D:6      | Reached skill level 1 in Evocations
  6415 | D:6      | Reached XP level 9. HP: 50/50 MP: 10/17
  6427 | Temple   | Entered the Ecumenical Temple
  6571 | Temple   | Became a worshipper of Vehumet
  6800 | D:6      | Found a snail-covered altar of Cheibriados.
  7128 | D:7      | Reached * piety under Vehumet
  7128 | D:7      | Offered knowledge of Freeze by Vehumet.
  7379 | D:7      | Reached skill level 8 in Earth Magic
  7871 | D:8      | Found a shattered altar of Ashenzari.
  7908 | D:8      | Noticed Psyche
  7918 | D:8      | Killed Psyche
  7918 | D:8      | Reached XP level 10. HP: 56/58 MP: 14/19
  8273 | D:8      | Noticed Grum
  8282 | D:8      | Killed Grum
  8285 | D:8      | Offered knowledge of Shock by Vehumet.
  8432 | D:8      | Reached ** piety under Vehumet
  8493 | D:8      | Noticed Pikel
  8502 | D:8      | Killed Pikel
  8913 | D:9      | Noticed an elephant
  8915 | D:9      | Noticed a two-headed ogre
  9022 | D:9      | Reached skill level 5 in Fighting
  9215 | D:9      | Reached skill level 5 in Armour
  9528 | D:9      | Reached skill level 9 in Earth Magic
  9650 | D:9      | Offered knowledge of Frozen Ramparts by Vehumet.
  9793 | D:9      | Killed an elephant
  9927 | D:9      | Noticed a two-headed ogre
  9933 | D:9      | Reached XP level 11. HP: 58/64 MP: 14/21
  9936 | D:9      | Killed a two-headed ogre
  9936 | D:9      | Reached skill level 5 in Maces & Flails
  9994 | D:9      | Reached *** piety under Vehumet
 10077 | D:9      | Found a staircase to the Lair.
 10217 | D:9      | Offered knowledge of Hailstorm by Vehumet.
 10468 | D:10     | Entered Level 10 of the Dungeon
 10587 | D:10     | Found a burning altar of Makhleb.
 10587 | D:10     | Noticed a cacodemon
 10826 | D:10     | Found a staircase to the Orcish Mines.
 10833 | D:10     | Found a shadowy altar of Dithmenos.
 11051 | D:10     | Reached skill level 5 in Dodging
 11057 | D:10     | Noticed Urug
 11068 | D:10     | Killed Urug
 11197 | D:10     | Found a roughly hewn altar of Beogh.
 11203 | D:10     | Reached **** piety under Vehumet
 11583 | D:10     | Offered knowledge of Fulminant Prism by Vehumet.
 12094 | D:11     | Got a shimmering robe
 12105 | D:11     | Identified the +1 robe of Dramatic Exits {rC+ Dex-5 SInv}
                  | (You found it on level 11 of the Dungeon)
 12115 | D:11     | Noticed a manticore
 12117 | D:11     | Noticed a red ugly thing
 12151 | D:11     | Killed a manticore
 12555 | D:11     | Killed an unseen horror
 12555 | D:11     | Reached skill level 10 in Earth Magic
 12712 | D:11     | Killed a red ugly thing
 12712 | D:11     | Reached skill level 5 in Evocations
 12770 | D:11     | Noticed Erica
 12770 | D:11     | Noticed a two-headed ogre
 12775 | D:11     | Killed a two-headed ogre
 12775 | D:11     | Reached XP level 12. HP: 71/71 MP: 12/23
 12775 | D:11     | Killed Erica
 13187 | D:12     | HP: 2/71 [cyclops (25)]
 13188 | D:12     | Slain by a cyclops

Illustrated notes

Levels and vault maps discovered:
D:1:      dpeg_arrival_snail, layout_basic, serial_park_tiny_2
D:2:      layout_basic, marbit_many_paths
D:3:      minmay_spotlight, layout_loops_cross, first_ration, uniq_grinder
D:4:      layout_loops_cross, gammafunk_temple_overflow_claw,
          chequers_mini_garden, uniq_edmund
D:5:      layout_loops_ring, regret_index_temple_of_mockery
D:6:      layout_basic, lemuel_crystal_altar, cheibrodos_worm_habitat,
          minmay_temple_entry_steel_oval, portal_sewer_entry_f,
          okawaru_metal_pillars_1_2
D:7:      layout_rooms, chequers_decorated_corner, minivault_11, minmay_puff
D:8:      layout_loops_cross, nicolae_ashenzari_panopticon, grunt_ogre_cave,
          uniq_pikel, uniq_grum, uniq_psyche
D:9:      layout_small_grid, david_lair_generic
D:10:     layout_irregular_city, minmay_orc_entry_temple_large, basic_altar,
          makhleb_altar_promises_db, uniq_urug
D:11:     layout_basic, uniq_erica
D:12:     kennysheep_bubbly, layout_layer_cave, serial_shops,
          nicolae_shop_statue_plus, nicolae_dithmenos_through_a_glass_darkly
Temple:   nicolae_temple_figure_eight

Skill      XL: |  1  2  3  4  5  6  7  8  9 10 11 12 |
---------------+-------------------------------------+-----
Earth Magic    | 4 5 6 7 8 9 10 | 10.2
Spellcasting   | 3 4 5 6 7 |  7.6
Conjurations   | 2 3 4 5 6 7 8 |  8.0
Armour         | 1 2 4 5 6 |  6.0
Fighting       | 1 3 4 5 6 |  6.9
Maces & Flails | 1 2 3 4 6 |  6.3
Dodging        | 2 3 4 5 |  5.7
Evocations     | 1 2 3 5 |  5.2
Stealth        | |  2.1
Transmutations | |  0.7

Action                   |  1- 3 |  4- 6 |  7- 9 | 10-12 || total
-------------------------+-------+-------+-------+-------++-------
Melee: Dagger            |    31 |    12 |       |       ||    43
       Unarmed           |     1 |       |       |       ||     1
       Short sword       |       |    80 |    93 |       ||   173
       Flail             |       |       |   318 |   225 ||   543
 Cast: Sandblast         |    17 |    50 |    75 |   108 ||   250
       Stone Arrow       |       |       |     2 |    33 ||    35
       Lee's Rapid Decon |       |       |     5 |    20 ||    25
Evoke: Wand              |       |       |       |    12 ||    12
  Use: Scroll            |       |     9 |     7 |     9 ||    25
 Stab: Sleeping          |     2 |     2 |     6 |     2 ||    12
  Eat: Chunk             |     1 |     6 |    20 |    22 ||    49
Armor: Robe              |    16 |    38 |   293 |   167 ||   514
Dodge: Dodged            |    17 |    70 |   450 |   268 ||   805
Block: Other             |       |       |    16 |    90 ||   106
       Reflection        |       |       |       |    12 ||    12

Table legend:
 A = Non-vault XP
 B = Vault XP
 C = Vault XP percentage of total XP
 D = Non-vault monster count
 E = Vault monster count
 F = Vault count percentage of total count
                 A         B        C        D         E       F
            +---------+---------+-------+---------+---------+-------
      Total |   14381 |    5585 |  28.0 |     283 |      82 |  22.5
            +---------+---------+-------+---------+---------+-------
        D:1 |      23 |       0 |   0.0 |      13 |       0 |   0.0
        D:2 |     103 |       2 |   1.9 |      25 |       1 |   3.8
        D:3 |     187 |     272 |  59.3 |      31 |       1 |   3.1
        D:4 |     550 |     176 |  24.2 |      24 |       1 |   4.0
        D:5 |     164 |       0 |   0.0 |      14 |       0 |   0.0
        D:6 |     512 |      17 |   3.2 |      21 |       6 |  22.2
        D:7 |    1576 |       3 |   0.2 |      34 |       1 |   2.9
        D:8 |     772 |    1739 |  69.3 |      16 |       7 |  30.4
        D:9 |    3296 |     949 |  22.4 |      55 |       4 |   6.8
       D:10 |    1560 |    1074 |  40.8 |      26 |      12 |  31.6
       D:11 |    5638 |     907 |  13.9 |      24 |       1 |   4.0
      Sewer |       0 |     446 | 100.0 |       0 |      48 | 100.0
            +---------+---------+-------+---------+---------+-------
